 Dungeon Sprint DCSS version 0.14-a0-1863-gcc20582 (webtiles) character file.

728 Caerthir the Basher (level 7, -11/66 HPs)
             Began as an Ogre Hunter on Jan 13, 2014.
             Was a Believer of Okawaru.
             Mangled by a five-headed hydra (12 damage)
             ... in the Dungeon (Sprint IX: "|||||||||||||||||||||||||||||").
             The game lasted 00:03:08 (106 turns).

Caerthir the Basher (Ogre Hunter)                    Turns: 106, Time: 00:03:08

HP -11/66        AC  4     Str 18      XL: 7   Next: 72%
MP   7/7         EV 12     Int 13      God: Okawaru [**....]
Gold 0           SH  0     Dex 12      Spells:  0 memorised,  6 levels left

rFire  . . .     SeeInvis .     a - +6 dark maul {crush}
rCold  . . .     Clarity  .     d - +0 animal skin
rNeg   . . .     Conserve .     (shield restricted)
rPois  .         rCorr    .     (helmet restricted)
rElec  .         rRot     .     q - +0 elf cloak
SustAb . .       Spirit   .     (gloves unavailable)
rMut   .         Warding  .     (boots unavailable)
Saprov + . .     NoTele   +     (no amulet)
MR     .....                    s - +2 ring of evasion
                                r - +3 ring of intelligence

@: not resistant to hostile enchantments, fairly stealthy
A: unfitting armour, fast metabolism 1, saprovore 1, tough skin 1
a: Heroism, Renounce Religion


You were in the Dungeon.
You worshipped Okawaru.
Okawaru was pleased with you.
You were not hungry.

You visited 1 branch

Inventory:

Hand weapons
 a - the +6,+6 dark maul (weapon) {crush}
   (You found it in the Dungeon)

   It inflicts extra damage upon your enemies.
 p - a +1,+1 club
Missiles
 b - 2 large rocks (quivered)
 c - 2 throwing nets
Armour
 d - a +0 animal skin (worn)
 q - a +0 elven cloak (worn)
Magical devices
 o - a wand of cold (7)
Comestibles
 f - 2 meat rations
Scrolls
 k - 2 scrolls of blinking
 m - 3 scrolls of remove curse
 n - 2 scrolls of amnesia
Jewellery
 r - a +3 ring of intelligence (left hand)
 s - a +2 ring of evasion (right hand)
Potions
 e - 5 potions of curing
 g - 3 potions of heal wounds
 h - a potion of speed
 i - 4 potions of magic
 j - a potion of berserk rage
 l - a potion of invisibility


   Skills:
 - Level 2.6 Fighting
 + Level 14.4 Maces & Flails
 + Level 13.0 Throwing
 - Level 1.7 Dodging
 - Level 0.7 Stealth


You had 6 spell levels left.
You didn't know any spells.

Dungeon Overview and Level Annotations

Branches:
Dungeon (1/1)

Altars:
Ashenzari
Cheibriados
Elyvilon
Fedhas
Kikubaaqudgha
Makhleb
Nemelex Xobeh
Okawaru
Sif Muna
Trog
Vehumet
Xom
Yredelemnul
Zin
the Shining One


Innate Abilities, Weirdness & Mutations

You are too large for most types of armour.
You have a fast metabolism.
You can tolerate rotten meat.
You have tough skin (AC +1).


Message History

The large rock crashes through the five-headed hydra.
The five-headed hydra is almost dead.
The large rock crashes through the eye of devastation.
The eye of devastation is heavily wounded.
The large rock crashes through the cyclops.
You kill the cyclops!
Okawaru appreciates your kill.
Your Maces & Flails skill gained 2 levels and is now at level 14!
Your Throwing skill gained 2 levels and is now at level 13!
You have reached level 7!
The large rock crashes through the hill giant.
The hill giant is heavily wounded.
The large rock crashes through the vampire mosquito.
The vampire mosquito is almost destroyed.
The five-headed hydra bites you!
* * * LOW HITPOINT WARNING * * *
The five-headed hydra bites you!
* * * LOW HITPOINT WARNING * * *
The five-headed hydra bites you!
You die... ▓▓▓▓▓▓▓▓▓▓▓▓▓▓▓▓▓▓▓▓▓▓▓▓▓ '..|).[[..'...(.@DG)(Cy(+ ▓▓▓▓▓▓▓▓▓▓▓▓▓▓▓▓▓▓▓▓▓▓▓▓▓

You could see a five-headed hydra, a hill giant, an eye of devastation and a vampire mosquito.

Vanquished Creatures
  A cyclops (D)
  A wraith (D)
  An ice beast (D)
  A killer bee (D)
  A wight (D)
  A crimson imp (D)
  An iguana (D)
  A giant gecko (D)
  2 giant cockroaches (D)
  A hobgoblin (D)
  4 kobolds (D)
  A bat (D)
  A giant newt (D)
  A rat (D)
18 creatures vanquished.

Notes
Turn   | Place    | Note
--------------------------------------------------------------
     0 | D        | Caerthir, the Ogre Hunter, began the quest for the Orb.
     0 | D        | Reached XP level 1. HP: 22/22 MP: 1/1
     9 | D        | Reached skill level 5 in Throwing
    21 | D        | Reached XP level 2. HP: 29/29 MP: 2/2
    42 | D        | Found a shattered altar of Ashenzari.
    42 | D        | Found a burning altar of Makhleb.
    42 | D        | Found a bloodstained altar of Trog.
    42 | D        | Found a shimmering altar of Xom.
    42 | D        | Found a blossoming altar of Fedhas.
    42 | D        | Found a white marble altar of Elyvilon.
    42 | D        | Found a snail-covered altar of Cheibriados.
    43 | D        | Found a glowing golden altar of the Shining One.
    44 | D        | Found a glowing silver altar of Zin.
    45 | D        | Found an iron altar of Okawaru.
    46 | D        | Found a radiant altar of Vehumet.
    47 | D        | Found a basalt altar of Yredelemnul.
    48 | D        | Found a deep blue altar of Sif Muna.
    49 | D        | Found a sparkling altar of Nemelex Xobeh.
    50 | D        | Found an ancient bone altar of Kikubaaqudgha.
    51 | D        | Found an ancient bone altar of Kikubaaqudgha.
    52 | D        | Found an iron altar of Okawaru.
    61 | D        | Became a worshipper of Warmaster Okawaru
    85 | D        | Noticed a crimson imp
    85 | D        | Noticed a killer bee
    85 | D        | Noticed a wraith
    85 | D        | Noticed an iguana
    85 | D        | Noticed an ice beast
    86 | D        | Killed a crimson imp
    86 | D        | Reached skill level 6 in Maces & Flails
    86 | D        | Reached XP level 3. HP: 36/36 MP: 3/3
    87 | D        | Killed a killer bee
    87 | D        | Reached skill level 8 in Maces & Flails
    87 | D        | Reached XP level 4. HP: 44/44 MP: 4/4
    87 | D        | Killed an iguana
    87 | D        | Reached XP level 5. HP: 50/50 MP: 5/5
    90 | D        | Killed a wraith
    90 | D        | Acquired Okawaru's first power
    90 | D        | Reached skill level 11 in Maces & Flails
    90 | D        | Reached skill level 10 in Throwing
    90 | D        | Reached XP level 6. HP: 59/59 MP: 6/6
    91 | D        | Killed an ice beast
    91 | D        | Reached skill level 12 in Maces & Flails
   103 | D        | Noticed a five-headed hydra
   103 | D        | Noticed a wight
   103 | D        | Noticed an eye of devastation
   103 | D        | Noticed a cyclops
   103 | D        | Noticed a hill giant
   103 | D        | Noticed a vampire mosquito
   104 | D        | Killed a wight
   106 | D        | Killed a cyclops
   106 | D        | Reached skill level 14 in Maces & Flails
   106 | D        | Reached XP level 7. HP: 29/66 MP: 7/7
   106 | D        | HP: 1/66 [five-headed hydra (16)]
   106 | D        | Mangled by a five-headed hydra

Action                   |  1- 3 |  4- 6 |  7- 9 || total
-------------------------+-------+-------+-------++-------
Melee: Club              |    10 |       |       ||    10
       Maul              |       |     1 |       ||     1
Throw: Large rock        |     9 |     6 |       ||    15
